 Dungeon Crawl Stone Soup version 0.30-a0-365-ge7f957f1db (webtiles) character file.

Game seed: 13293106869317403146

84 greasedhog the Trooper (level 4, -7/37 HPs)
             Began as a Merfolk Fighter on Nov 18, 2022.
             Mangled by Crazy Yiuf
             ... wielding a +3 quarterstaff of chaos
              (14 damage)
             ... on level 2 of the Dungeon.
             The game lasted 00:02:07 (1911 turns).

greasedhog the Trooper (Merfolk Fighter)            Turns: 1911, Time: 00:02:07

Health: -7/37      AC:  8    Str: 16    XL:     4   Next: 45%
Magic:  4/4        EV:  9    Int:  7    God:
Gold:   69         SH:  0    Dex: 15    Spells: 3/3 levels left

rFire   + . .      SeeInvis .    a - +0 long sword
rCold   . . .      Faith    .    c - +0 buckler
rNeg    . . .      Spirit   .    e - +0 ring mail
rPois   .          Reflect  .    m - +2 helmet
rElec   .          Harm     .    (no cloak)
rCorr   .          Rampage  .    (no gloves)
Will    .....                    (no boots)
Stlth   ..........               d - amulet of the acrobat
HPRegen 0.26/turn                i - ring of protection from fire
MPRegen 0.09/turn                (no ring)

@: confused, lethally poisoned (-7 -> -11), ambrosia-drunk, hasted, very quick
A: (nimble swimmer 2), mertail
a: no special abilities


You were on level 2 of the Dungeon.
You visited 1 branch of the dungeon, and saw 2 of its levels.

You collected 69 gold pieces.

Inventory:

Hand Weapons
 a - a +0 long sword (weapon)
 f - a +0 dagger of electrocution
Armour
 c - a +0 buckler (worn)
 e - a +0 ring mail (worn)
 m - a +2 helmet (worn)
Jewellery
 d - an amulet of the acrobat (around neck)
 i - a ring of protection from fire (left hand)
Scrolls
 g - a scroll of teleportation {unknown}
 h - a scroll of enchant weapon {unknown}
 j - a scroll of magic mapping {unknown}
 k - a scroll of fear {unknown}
 n - a scroll of noise {unknown}
 o - a scroll of identify
 p - a scroll of immolation
Potions
 b - a potion of ambrosia


   Skills:
 * Level 4.2 Fighting
 * Level 3.7 Long Blades
 - Level 2.1 Armour
 * Level 2.5 Stealth
 - Level 3.0 Shields


You had 3 spell levels left.
You didn't know any spells.
Your spell library contained the following spells:

 Spells                   Type           Power      Damage    Failure   Level
 Ozocubu's Armour         Ice            0%         N/A       98%         3
 Metabolic Englaciation   Hex/Ice        0%         N/A       100%        5
 Simulacrum               Ice/Necr       0%         N/A       100%        6


Dungeon Overview and Level Annotations

Branches:
Dungeon (2/15)

Altars:

Annotations:
D:2 Crazy Yiuf


Innate Abilities, Weirdness & Mutations

((You are very nimble when in or above water. (Stealth+, EV+, Speed+++)))
Your lower body shifts to a powerful aquatic tail in water.


Message History

Crazy Yiuf is lightly wounded.
Crazy Yiuf barely misses you.
You hit Crazy Yiuf.
Crazy Yiuf is moderately wounded.
Crazy Yiuf closely misses you.
You barely miss Crazy Yiuf.
Crazy Yiuf is moderately wounded.
Crazy Yiuf barely misses you.
You closely miss Crazy Yiuf.
Crazy Yiuf is moderately wounded.
You closely miss Crazy Yiuf.
Crazy Yiuf is moderately wounded.
Crazy Yiuf hits you with a +3 quarterstaff of chaos!
You are poisoned.
You completely miss Crazy Yiuf.
Crazy Yiuf is moderately wounded.
You feel very sick.
Crazy Yiuf hits you with a +3 quarterstaff of chaos.
You barely miss Crazy Yiuf.
Crazy Yiuf is moderately wounded.
You feel very sick. Crazy Yiuf closely misses you.
You barely miss Crazy Yiuf.
Crazy Yiuf is moderately wounded.
You feel sick. You block Crazy Yiuf's attack.
You are confused.
You feel invigorated.
You feel sick.
Crazy Yiuf hits you with a +3 quarterstaff of chaos!
* * * LOW HITPOINT WARNING * * *
You resist with some effort.
You're too confused to move!
* * * LOW HITPOINT WARNING * * *
You feel sick.
You feel sick. Crazy Yiuf barely misses you.
You see here a +0 hammer.
You bump into the stone wall.
Crazy Yiuf hits you with a +3 quarterstaff of chaos.
* * * LOW HITPOINT WARNING * * *
You are electrocuted!
You die...

#.......# ♣P.PP♣
#....#... #.......#
♣)PP♣♣
#####....#.##
##......# ♣♣)♣♣
#........#.##
#.......# ♣)♣♣
#..####....##
#.......# ♣♣)♣ #..#
##.##### #.......#
♣)♣♣ #..# #..# #.
##..##### ♣♣)♣
#..###.## #. #..#
##'## #..##..#####'
####..# #))@#
#..#..##.....
..##..# #)g)#
##...###.....
#.##..# #).)#
#..### #.....
#.....# #####
########.....
###...#
#.......####'
...#..# ###
#..#.........
...#..###########.#
##.#.##.#####
..................#
#.#.##.#..#
.......##########.#
#.#.......#


You could see Crazy Yiuf.

Vanquished Creatures
  Terence (D:2)
  2 adders (D:2)
  2 bats
  6 endoplasms
  3 giant cockroaches
  4 hobgoblins
  3 jackals (D:1)
  5 quokkas (D:1)
  A ball python (D:1)
  A frilled lizard (D:1)
  2 goblins (D:1)
  4 kobolds (D:1)
  2 rats
36 creatures vanquished.

Notes
Turn   | Place    | Note
-------+----------+-------------------------------------------
     0 | D:1      | greasedhog the Merfolk Fighter began the quest for the Orb.
     0 | D:1      | Reached XP level 1. HP: 18/18 MP: 1/1
   108 | D:1      | Reached XP level 2. HP: 24/24 MP: 2/2
   115 | D:1      | Reached skill level 1 in Stealth
   724 | D:1      | Reached XP level 3. HP: 30/30 MP: 3/3
  1094 | D:2      | Noticed Terence
  1107 | D:2      | Killed Terence
  1108 | D:2      | Reached skill level 4 in Fighting
  1234 | D:2      | Reached XP level 4. HP: 37/37 MP: 4/4
  1892 | D:2      | Found a runed translucent door.
  1893 | D:2      | Noticed Crazy Yiuf
  1911 | D:2      | Mangled by Crazy Yiuf

Illustrated notes

Levels and vault maps discovered:
D:1:      dpeg_arrival_boxorama, layout_basic, serial_forest,
          infiniplex_forest_clump_C, infiniplex_forest_end_1,
          infiniplex_forest_end_2, infiniplex_forest_lined_2,
          infiniplex_forest_lined_ring, minmay_tromino_v4_a
D:2:      layout_basic, grunt_decor_clamped, uniq_crazy_yiuf_cottage,
          uniq_terence

Skill      XL: |  1  2  3 |
---------------+----------+-----
Stealth        | 1 2 |  2.5
Long Blades    | 3 |  3.7
Fighting       | 4 |  4.2
Armour         | |  2.1
Shields        | |  3.0

Action                   |  1- 3 |  4- 6 || total
-------------------------+-------+-------++-------
Melee: Long sword        |    99 |    30 ||   129
  Use: Scroll            |     2 |     2 ||     4
       Potion            |     1 |     2 ||     3
 Stab: Sleeping          |       |     1 ||     1
Armor: Scale mail        |     3 |       ||     3
       Ring mail         |    55 |     9 ||    64
Dodge: Dodged            |    61 |    16 ||    77
Block: Buckler           |    37 |     5 ||    42

Table legend: (Time is in decaauts)
 A = Elapsed time spent in this place.
 B = Non-inter-level travel time spent in this place.
 C = Inter-level travel time spent in this place.
 D = Time resting spent in this place.
 E = Time spent auto-exploring this place.
 F = Levels seen in this place.
 G = Mean time per level.
                   A        B        C        D        E       F      G
               +--------+--------+--------+--------+--------+-----+--------+
         Total |   1942 |   1910 |     32 |    338 |   1226 |   2 |  971.0 |
       Dungeon |   1942 |   1910 |     32 |    338 |   1226 |   2 |  971.0 |
               +--------+--------+--------+--------+--------+-----+--------+

Top non-repeatable levels by time:
     D:1: 1115 daAuts
     D:2: 827 daAuts
